 Dungeon Crawl Stone Soup version 0.30-b1-2-g02819fbbbe (webtiles) character file.

Game seed: 10743603481697001290

20709 LLlMATKO the Cleaver (level 12, -1/172 HPs)
             Began as a Minotaur Berserker on Sept 4, 2023.
             Was an Elder of Trog.
             Succumbed to a redback's poison
             ... on level 2 of the Lair of Beasts.
             The game lasted 00:11:10 (14143 turns).

LLlMATKO the Cleaver (Minotaur Berserker)          Turns: 14143, Time: 00:11:10

Health: -1/172     AC: 12    Str: 26    XL:     12   Next: 47%
Magic:  11/11      EV: 15    Int:  2    God:    Trog [****..]
Gold:   922        SH:  0    Dex: 11    Spells: 11/11 levels left

rFire   + . .        y - +0 hand axe (heavy)
rCold   + . .        (no shield)
rNeg    . . .        A - +5 ring mail of Sunlight {rF+ rC+ Int-2 Stlth+}
rPois   .            (helmet restricted)
rElec   .            (no cloak)
rCorr   .            (no gloves)
SInv    .            (no boots)
Will    .....        (no amulet) Stlth
                     (no ring)
HPRegen 0.48/turn    (no ring)
MPRegen 0.12/turn

%: no passive effects
@: berserking (expiring), lethally poisoned (-1 -> -40), very quick
A: horns 2, retaliatory headbutt
a: Renounce Religion, Berserk, Trog's Hand, Brothers in Arms


You were on level 2 of the Lair of Beasts.
You worshipped Trog.
Trog was greatly pleased with you.
You visited 2 branches of the dungeon, and saw 13 of its levels.

You collected 922 gold pieces.

Inventory:

Hand Weapons
 a - a +0 hand axe
 f - a +0 hand axe
 p - a +1 whip of electrocution
 x - a +0 hand axe of electrocution
 y - a +0 heavy hand axe (weapon)
Missiles
 g - 29 poisoned darts (quivered)
 v - 6 throwing nets
 B - 5 datura-tipped darts
 C - 3 javelins
 K - 4 atropa-tipped darts
 L - a curare-tipped dart
 Q - 5 silver javelins
Armour
 A - the +5 ring mail of Sunlight (worn) {rF+ rC+ Int-2 Stlth+}
   (You found it on level 6 of the Dungeon)

   Int:       It affects your intelligence (-2).
   rF:        It protects you from fire.
   rC:        It protects you from cold.
   Stlth:     It makes you more stealthy.
Jewellery
 P - an amulet of reflection
 S - a ring of positive energy
Wands
 c - a wand of flame (4)
 E - a wand of roots (1)
 I - a wand of paralysis (23)
 M - a wand of quicksilver (3)
 R - a wand of mindburst (6)
Scrolls
 i - 2 scrolls of poison {unknown}
 j - 2 scrolls of magic mapping {unknown}
 k - 2 scrolls of vulnerability {unknown}
 n - 12 scrolls of identify {unknown}
 o - 5 scrolls of enchant weapon {unknown}
 r - 2 scrolls of enchant armour {unknown}
 u - a scroll of butterflies {unknown}
 w - 4 scrolls of teleportation {unknown}
 z - 2 scrolls of amnesia {unknown}
 D - 2 scrolls of blinking {unknown}
 H - a scroll of silence {unknown}
 J - 2 scrolls of immolation {unknown}
 N - 2 scrolls of fear {unknown}
 O - a scroll of brand weapon {unknown}
Potions
 b - 2 potions of mutation {unknown}
 d - 9 potions of heal wounds {unknown}
 e - 2 potions of brilliance {unknown}
 h - a potion of resistance
 l - 2 potions of flight {unknown}
 m - 2 potions of cancellation {unknown}
 q - 3 potions of lignification {unknown}
 s - 3 potions of degeneration {unknown}
 t - 2 potions of attraction {unknown}
 F - 3 potions of curing
 G - 2 potions of might
 T - a potion of haste {unknown}
 U - a potion of berserk rage {unknown}


   Skills:
 + Level 13.0 Fighting
 + Level 13.0 Axes
 + Level 12.7 Armour
 + Level 11.7 Dodging


You had 11 spell levels left.
You didn't know any spells.
Your spell library was empty.

Dungeon Overview and Level Annotations

Branches:
Dungeon (11/15)            Temple (0/1) D:5            Lair (2/5) D:8
 Spider (0/4) Lair:2          Orc (0/2) D:10
  Swamp: Lair:2-3    Shoals: Lair:2-3

Altars:
Ashenzari
Cheibriados
Hepliaklqana
Kikubaaqudgha
Makhleb
Ru
Sif Muna
Trog
Vehumet
Xom
Zin

Portals:
Trove: D:11 (give 6 scrolls of fog)

Annotations:
D:5 3 runed translucent doors, TrebMcFLY's ghost, amateur DECj
Lair:2 2 transporters


Innate Abilities, Weirdness & Mutations

You have a pair of horns on your head.
You reflexively headbutt those who attack you in melee.


Message History

The jumping spider bites you but does no damage.
You slash the redback!
The redback is almost dead.
You hit the jumping spider.
You feel extremely sick. The redback bites you.
You are lethally poisoned!
The redback poisons you!
The jumping spider pounces on you but does no damage.
The jumping spider bites you but does no damage.
You barely miss the redback.
The redback is almost dead.
You slash the jumping spider!
You feel extremely sick. The redback bites you.
* * * LOW HITPOINT WARNING * * *
The jumping spider pounces on you.
* * * LOW HITPOINT WARNING * * *
The jumping spider bites you but does no damage.
You barely miss the jumping spider. You headbutt the jumping spider.
The jumping spider is heavily wounded.
You hit the redback.
You kill the redback!
Trog accepts your kill.
* * * LOW HITPOINT WARNING * * *
You feel extremely sick.
The jumping spider pounces on you but does no damage.
The jumping spider splashes around in the water.
You slash the jumping spider!
You kill the jumping spider!
Trog accepts your kill.
* * * LOW HITPOINT WARNING * * *
You feel extremely sick.
Unknown command.
* * * LOW HITPOINT WARNING * * *
You feel extremely sick.
You feel a strong urge to attack something.
* * * LOW HITPOINT WARNING * * *
You feel extremely sick.
You die...

~~~.~~~....................
.~~.~~.~...................
~.~.~.~~#................^.
~~...~~~...................
...>..................P#P..
~~...~~~............#####.#
~.~.~.~~..........^.## ###
.~~.~~†~.............#
~~~.~~~...@..........#
~...#...............##
..........$..........#
.####...............##
#################


There were no monsters in sight!

Vanquished Creatures
  A minotaur (Lair:1)
  A catoblepas (Lair:2)
  3 two-headed ogres
  Pikel (D:8)
  A cyclops (D:11)
  A black mamba (Lair:2)
  Joseph (D:7)
  A cane toad (Lair:1)
  2 komodo dragons
  A rime drake (Lair:1)
  A troll (D:10)
  2 hornets
  A blink frog (Lair:2)
  A jumping spider (Lair:2)
  2 shadows (D:11)
  41 yaks
  7 wyverns
  A vampire (D:11)
  A redback (Lair:2)
  A steam dragon (D:9)
  9 water moccasins
  2 black bears
  2 ice beasts
  4 orc warriors (D:10)
  7 centaurs
  A phantom (D:7)
  5 wolves (Lair:1)
  2 kobold brigands
  2 scorpions
  9 bullfrogs
  6 killer bees (D:7)
  An electric eel (Lair:1)
  A vampire bat (Lair:1)
  6 hounds
  A gnoll bouda (D:7)
  9 orc priests
  3 iguanas (D:5)
  9 orc wizards
  5 adders
  16 gnolls
  3 shadow imps
  An ufetubus (D:6)
  A worm (D:2)
  3 dart slugs (D:1)
  29 orcs
  4 endoplasms
  3 giant cockroaches
  5 goblins
  6 hobgoblins
  9 jackals
  17 kobolds
  5 quokkas
  2 ball pythons
  12 bats
  3 frilled lizards
  5 rats
279 creatures vanquished.

Vanquished Creatures (collateral kills)
  A boulder beetle (Lair:2)
  A black mamba (Lair:1)
  A cane toad (Lair:1)
  2 blink frogs (Lair:2)
  A bullfrog (Lair:1)
  A vampire bat (Lair:1)
  A bat (Lair:1)
8 creatures vanquished.

Vanquished Creatures (others)
  A bush (D:8)
  5 fungi (D:8)
  27 plants
33 creatures vanquished.

Grand Total: 320 creatures vanquished

Notes
Turn   | Place    | Note
-------+----------+-------------------------------------------
     0 | D:1      | LLlMATKO the Minotaur Berserker began the quest for the
                  | Orb.
     0 | D:1      | Reached XP level 1. HP: 19/19 MP: 0/0
   101 | D:1      | Reached XP level 2. HP: 22/27 MP: 1/1
   887 | D:2      | Reached XP level 3. HP: 29/33 MP: 2/2
   968 | D:2      | Reached ** piety under Trog
  1399 | D:3      | Reached XP level 4. HP: 40/40 MP: 3/3
  2392 | D:4      | Reached XP level 5. HP: 45/47 MP: 4/4
  2773 | D:5      | Entered Level 5 of the Dungeon
  2773 | D:5      | Found a staircase to the Ecumenical Temple.
  2830 | D:5      | Reached skill level 5 in Fighting
  2830 | D:5      | Reached skill level 5 in Axes
  2833 | D:5      | Reached *** piety under Trog
  2855 | D:5      | Reached XP level 6. HP: 44/56 MP: 5/5
  3219 | D:5      | Found a runed translucent gate.
  3219 | D:5      | Found a runed translucent gate.
  3220 | D:5      | Found a runed translucent gate.
  3222 | D:5      | Noticed TrebMcFLY's ghost (amateur DECj)
  3296 | D:5      | Noticed an ice beast
  3303 | D:5      | Killed an ice beast
  3304 | D:5      | Reached skill level 5 in Armour
  3304 | D:5      | Reached XP level 7. HP: 61/62 MP: 6/6
  3650 | D:5      | Found a shimmering blue altar of Sif Muna.
  3768 | D:5      | Reached skill level 5 in Dodging
  3980 | D:6      | Found a burning altar of Makhleb.
  3985 | D:6      | Found a bloodstained altar of Trog.
  3993 | D:6      | Found a shimmering altar of Xom.
  3998 | D:6      | Found a broken altar of Ashenzari.
  4005 | D:6      | Found a glowing silver altar of Zin.
  4011 | D:6      | Found a snail-covered altar of Cheibriados.
  4022 | D:6      | Found an ancient bone altar of Kikubaaqudgha.
  4236 | D:6      | Reached XP level 8. HP: 71/71 MP: 7/7
  4381 | D:6      | Identified the +5 ring mail of Sunlight {rF+ rC+ Int-2
                  | Stlth+}
  4679 | D:7      | Noticed Joseph
  4690 | D:7      | Killed Joseph
  5031 | D:7      | Found the amulet of Elemental Vulnerability {rPois rF--
                  | rC-- AC+8}
  5141 | D:7      | Noticed a two-headed ogre
  5149 | D:7      | Killed a two-headed ogre
  5150 | D:7      | Reached XP level 9. HP: 46/81 MP: 8/8
  5667 | D:7      | Paralysed by a hornet for 2 turns
  5987 | D:8      | Noticed a two-headed ogre
  6000 | D:8      | Reached XP level 10. HP: 82/91 MP: 9/9
  6005 | D:8      | Killed a two-headed ogre
  6005 | D:8      | Reached **** piety under Trog
  6154 | D:8      | Noticed Pikel
  6176 | D:8      | Killed Pikel
  6177 | D:8      | Reached skill level 10 in Fighting
  6177 | D:8      | Reached skill level 10 in Axes
  6640 | D:8      | Found a staircase to the Lair.
  6888 | D:8      | Found a hazy altar of Hepliaklqana.
  7021 | D:8      | Reached skill level 10 in Armour
  7320 | D:8      | Found a staircase to the Lair.
  7719 | D:8      | Found a hazy altar of Hepliaklqana.
  8629 | D:10     | Entered Level 10 of the Dungeon
  8700 | D:10     | Found a staircase to the Orcish Mines.
  8946 | D:10     | Reached XP level 11. HP: 91/101 MP: 8/10
  9190 | D:10     | Reached skill level 10 in Dodging
  9387 | D:10     | Found a sacrificial altar of Ru.
  9388 | D:10     | Found a radiant altar of Vehumet.
  9525 | D:10     | Reached ***** piety under Trog
 10461 | D:11     | Noticed a two-headed ogre
 10466 | D:11     | Killed a two-headed ogre
 10639 | D:11     | Found a portal to a secret trove of treasure.
 11230 | Lair:1   | Entered Level 1 of the Lair of Beasts
 11540 | Lair:1   | Reached XP level 12. HP: 95/112 MP: 11/11
 12032 | Lair:1   | Found a runed translucent door.
 12916 | Lair:1   | Found a runed translucent door.
 13141 | Lair:1   | Noticed a minotaur
 13152 | Lair:1   | Killed a minotaur
 13487 | Lair:2   | Noticed a boulder beetle
 13550 | Lair:2   | Killed a boulder beetle
 13723 | Lair:2   | Noticed a catoblepas
 13730 | Lair:2   | Killed a catoblepas
 13845 | Lair:2   | Found a transporter.
 13863 | Lair:2   | Found a transporter.
 14128 | Lair:2   | Found a hole to the Spider Nest.
 14142 | Lair:2   | HP: 5/172 [poisoned by a redback]
 14143 | Lair:2   | Succumbed to a redback's poison

Illustrated notes

Levels and vault maps discovered:
D:1:      dpeg_arrival_yet_another_circle, layout_basic
D:2:      layout_rooms
D:3:      layout_basic, minivault_26, chequers_serial_rivers_micro_d,
          serial_park_tiny_2, grunt_ministairs_14,
          wander_ebering_terrifying_dragon_lair
D:4:      layout_loops_cross, kennysheep_nub
D:5:      layout_loops_ring, kennysheep_mini, minmay_temple_entry_large_hall,
          gammafunk_ghost_necromancy, moated_statue
D:6:      layout_basic, grunt_temple_overflow_octagram, serial_glass,
          glass_columns_a, glass_columns_a, item_on_display_b, item_on_display_a
D:7:      layout_loops_cross, uniq_joseph
D:8:      layout_basic, nicolae_hepliaklqana_hippocampus,
          minmay_lair_entry_grove, uniq_pikel
D:9:      layout_long_grid, small_statue_intersection
D:10:     layout_roguey, mainiacjoe_overflow_catwalk_spiral, orc_david_3
D:11:     layout_basic, nicolae_trove_entry_crystal
Lair:1:   dreamdust_labyrinth, layout_hall_layers, small_statue_intersection,
          roderic_batcave, minmay_stone_trees_small, serial_bayou_shore_a
Lair:2:   gammafunk_cloud_chamber, layout_hall_layers, spider_nest_entry_a,
          serial_bayou_crossing

Skill      XL: |  1  2  3  4  5  6  7  8  9 10 11 12 |
---------------+-------------------------------------+-----
Fighting       | 4 5 6 8 9 10 12 13 | 13.0
Axes           | 4 5 6 8 9 10 12 13 | 13.0
Armour         | 3 4 5 6 7 9 10 12 | 12.7
Dodging        | 3 4 5 7 8 9 11 | 11.7

Action                     |  1- 3 |  4- 6 |  7- 9 | 10-12 || total
---------------------------+-------+-------+-------+-------++-------
  Melee: Hand axe          |   104 |   117 |   129 |   327 ||   677
         Headbutt          |    18 |    16 |    14 |    81 ||   129
         Punch             |       |     1 |     2 |     3 ||     6
 Invoke: Berserk           |     1 |     3 |     7 |    12 ||    23
         Brothers in Arms  |       |       |       |     2 ||     2
         Trog's Hand       |       |       |       |     1 ||     1
    Use: Scroll            |       |       |       |     1 ||     1
   Stab: Sleeping          |       |       |       |     2 ||     2
 Armour: Animal skin       |    15 |     7 |       |       ||    22
         Chain mail        |       |    37 |    49 |       ||    86
         Scale mail        |       |     5 |       |       ||     5
         Ring mail         |       |       |    44 |   156 ||   200
  Dodge: Dodged            |    66 |    62 |    92 |   285 ||   505
